[Event "Titled Tuesday Blitz February 22 Late 2022"]
[White "Vargas Pereda, Jesus Manue"]
[Black "Gerbelli Neto, Eduardo"]
[WhiteFideId "5115710"]
[BlackFideId "2103281"]
[WhiteElo "1759"]
[BlackElo "2178"]
[Result "0-1"]
[Round "11"]
[TimeControl "180+1"]
[Date "2022.02.23"]
[WhiteClock "0:01:32"]
[BlackClock "0:01:55"]

1. d4 d5 2. Bf4 Nf6 3. Nf3 Bf5 4. e3 e6 5. c4 Bxb1 6. Rxb1 Bb4+ 7. Nd2 Ne4 8. Bd3 Nxd2 9. a3 Ba5 10. b4 Nxb1 11. Bxb1 c6 12. bxa5 Qxa5+ 13. Qd2 Qxd2+ 14. Kxd2 dxc4 15. Kc3 b5 16. Bd6 Kd7 17. Bc5 Na6 18. e4 Nxc5 19. dxc5 Kc7 20. e5 Rhd8 21. f4 h6 22. g4 Rd7 23. h4 Rad8 24. Kb4 Rd1 25. Rxd1 Rxd1 26. Be4 Rd4 27. Bc2 Rxf4 28. g5 Rxh4 29. g6 Rf4 30. a4 a6 31. Ka5 fxg6 32. Kxa6 b4 33. a5 b3 34. Bb1 c3 35. Ka7 c2 36. Ka8 cxb1=Q 37. a6 Ra4 38. a7 Rxa7+ 39. Kxa7 Qa1# 0-1


[Site "https://www.chess.com"]

[Event "Titled Tuesday Blitz February 22 Late 2022"]
[White "Vidit, Santosh Gujrathi"]
[Black "Shirov, Alexei"]
[WhiteFideId "5029465"]
[BlackFideId "2209390"]
[WhiteElo "2654"]
[BlackElo "2645"]
[Result "0-1"]
[Round "11"]
[TimeControl "180+1"]
[Date "2022.02.22"]
[WhiteClock "0:00:02"]
[BlackClock "0:00:19"]

1. d4 d5 2. Nf3 Nf6 3. Bf4 c5 4. e3 Nc6 5. c3 Qb6 6. Qb3 c4 7. Qc2 Bf5 8. Qc1 h6 9. Nbd2 e6 10. h3 Be7 11. Be2 Qa5 12. Bd1 b5 13. a3 Qb6 14. Bc2 Bxc2 15. Qxc2 a5 16. O-O O-O 17. e4 b4 18. Rfe1 bxa3 19. bxa3 a4 20. exd5 Nxd5 21. Bg3 Qa6 22. Ne4 Na5 23. Qxa4 Nb3 24. Qxa6 Rxa6 25. Ra2 Rxa3 26. Rxa3 Bxa3 27. Bd6 Ra8 28. Bxa3 Rxa3 29. Ne5 Ra4 30. Kh2 f6 31. Nd7 Kf7 32. Ndc5 Nxc5 33. dxc5 f5 34. Nd6+ Kf6 35. c6 Ra6 36. Nxc4 Rxc6 37. Ne3 Rxc3 38. Nxd5+ exd5 39. Kg1 d4 40. Kf1 d3 41. Rb1 Ke5 42. Ke1 Rc2 43. Rb4 Re2+ 44. Kf1 Re4 45. Rb5+ Kd4 46. f3 d2 47. Rb1 Re8 48. Kf2 Kd3 0-1


[Site "https://www.chess.com"]

[Event "Titled Tuesday Blitz February 22 Late 2022"]
[White "Vifleemskaia, Svetlana"]
[Black "Curtis, John"]
[WhiteFideId "4129490"]
[BlackFideId "3200256"]
[WhiteElo "1901"]
[BlackElo "2203"]
[Result "1/2-1/2"]
[Round "11"]
[TimeControl "180+1"]
[Date "2022.02.23"]
[WhiteClock "0:01:14"]
[BlackClock "0:00:39"]

1. d4 Nf6 2. c4 e6 3. Nc3 Bb4 4. e3 d5 5. Ne2 c5 6. cxd5 exd5 7. a3 Bxc3+ 8. Nxc3 cxd4 9. exd4 O-O 10. Be2 h6 11. O-O Nc6 12. h3 Qb6 13. Be3 Bf5 14. b4 Rad8 15. Rc1 Ne4 16. Na4 Qc7 17. Nc5 Nxc5 18. Rxc5 Qd7 19. Bf3 Be6 20. Qc1 Rc8 21. Qb2 a6 22. Rfc1 Na7 23. Bf4 Rxc5 24. bxc5 Nc6 25. Bd6 Rd8 26. Bf4 Bf5 27. Be3 Be4 28. Bg4 Bf5 29. Be2 Qe7 30. Rc3 Rd7 31. Rc1 Qf6 32. Bf1 Qg6 33. Kh2 Bd3 34. Qb3 Bxf1 35. Rxf1 Qe4 36. Qc3 Re7 1/2-1/2


[Site "https://www.chess.com"]

[Event "Titled Tuesday Blitz February 22 Late 2022"]
[White "Vine, Elzbieta"]
[Black "Chincholimath, Halsagar"]
[WhiteFideId "1119320"]
[BlackFideId "5022487"]
[WhiteElo "1869"]
[BlackElo "1737"]
[Result "0-1"]
[Round "11"]
[TimeControl "180+1"]
[Date "2022.02.23"]
[WhiteClock "0:00:01"]
[BlackClock "0:00:28"]

1. e4 c6 2. d4 d5 3. exd5 cxd5 4. Bd3 Nc6 5. Nf3 Bg4 6. Be3 e6 7. h3 Bh5 8. Nc3 Nf6 9. g4 Bg6 10. Bxg6 hxg6 11. Qd2 Nxg4 12. O-O-O Nxe3 13. fxe3 Qa5 14. e4 dxe4 15. d5 O-O-O 16. Nd4 Nb4 17. a3 Nxd5 18. Nxe4 Qxd2+ 19. Rxd2 Nf6 20. Ng5 Rd7 21. Nb5 a6 22. Rxd7 Kxd7 23. Nxf7 Rh4 24. Ne5+ Kc8 25. Nxg6 Rh6 26. Nxf8 axb5 27. Nxe6 Ne4 28. Nxg7 Nf2 29. Rh2 Ne4 30. Nf5 Rf6 31. Ne7+ Kd7 32. c3 Kxe7 33. Re2 Rf4 34. Kc2 Kd6 35. Kd3 Nf2+ 36. Kd2 Nxh3 37. Rh2 Ng5 38. Rh6+ Ne6 39. Ke2 Rg4 40. Kf3 Rg1 41. Ke4 Re1+ 42. Kf5 Rf1+ 43. Ke4 Rf2 0-1


[Site "https://www.chess.com"]

[Event "Titled Tuesday Blitz February 22 Late 2022"]
[White "Virtanen, Teemu"]
[Black "Yuan, Qingyu"]
[WhiteFideId "509850"]
[BlackFideId "8609772"]
[WhiteElo "1926"]
[BlackElo "2359"]
[Result "1-0"]
[Round "11"]
[TimeControl "180+1"]
[Date "2022.02.22"]
[WhiteClock "0:00:09"]
[BlackClock "0:00:05"]

1. c4 e6 2. Nc3 d5 3. e3 Nf6 4. Nf3 Nbd7 5. b3 Bd6 6. Bb2 O-O 7. Qc2 a6 8. g4 dxc4 9. bxc4 Nxg4 10. Rg1 f5 11. Ne2 b5 12. Ned4 Nc5 13. h3 Nf6 14. cxb5 Nce4 15. Bc4 Qe8 16. Nxf5 axb5 17. Nxg7 Qf7 18. Bd3 Bb7 19. Bxe4 Bxe4 20. Nxe6+ Kh8 21. Qxe4 Rae8 22. Nfg5 Qh5 23. Qf5 Be7 24. Nxf8 Rxf8 25. Be5 h6 26. Rc1 hxg5 27. Qxg5 Qh7 28. Rxc7 b4 29. Rxe7 Qxe7 30. Qh6+ Qh7 31. Qxf8+ 1-0


[Site "https://www.chess.com"]

[Event "Titled Tuesday Blitz February 22 Late 2022"]
[White "Wu, Christopher"]
[Black "Debray, Christopher"]
[WhiteFideId "2040875"]
[BlackFideId "630810"]
[WhiteElo "2636"]
[BlackElo "2369"]
[Result "0-1"]
[Round "11"]
[TimeControl "180+1"]
[Date "2022.02.22"]
[WhiteClock "0:00:14"]
[BlackClock "0:00:07"]

1. d4 d5 2. c4 e6 3. Nf3 Nf6 4. g3 c6 5. Bg2 Be7 6. O-O Nbd7 7. Nc3 O-O 8. Qd3 b6 9. e4 Bb7 10. cxd5 cxd5 11. e5 Ne4 12. Be3 Nxc3 13. Qxc3 Rc8 14. Qd3 Nb8 15. Rfc1 Qd7 16. a3 Ba6 17. Qd2 Nc6 18. b4 Bc4 19. h4 a5 20. Rab1 axb4 21. axb4 b5 22. Bg5 Ra8 23. Qc3 Ra4 24. Bxe7 Qxe7 25. Ra1 Qxb4 26. Qc2 h6 27. Rcb1 Qa5 28. Rxa4 bxa4 29. Ra1 a3 30. Bf1 Bxf1 31. Kxf1 Qb5+ 32. Kg2 Ra8 33. Qc3 a2 34. Nd2 Ra4 35. Nb3 Ra3 36. Qc5 Rxb3 37. Qxb5 Rxb5 38. Rxa2 Nxd4 39. Ra8+ Kh7 40. Ra7 Kg6 41. g4 Nc6 42. Rc7 Nxe5 43. h5+ Kh7 44. f4 Nxg4 45. Rxf7 Nf6 46. Re7 Rb6 47. Kf3 Nxh5 48. Kg4 Nf6+ 49. Kf3 Ne4 50. Rf7 Kg6 51. Ra7 Kf6 52. Ke3 Rb3+ 53. Kd4 Rf3 54. Ra6 Rxf4 55. Ra1 Rf5 56. Ke3 g5 57. Rh1 Kg6 58. Rc1 h5 59. Rc8 Kf6 60. Rg8 g4 61. Rf8+ Ke5 62. Rh8 g3 63. Rg8 h4 64. Ke2 Rf2+ 65. Ke3 d4+ 66. Kd3 g2 67. Rg4 Nc5+ 68. Kc4 h3 69. Kxc5 h2 70. Rg5+ Kf6 0-1


[Site "https://www.chess.com"]

[Event "Titled Tuesday Blitz February 22 Late 2022"]
[White "Yordanov, Nikolay Plamenov"]
[Black "Kim, Sergey"]
[WhiteFideId "2907445"]
[BlackFideId "13700570"]
[WhiteElo "2248"]
[BlackElo "2619"]
[Result "0-1"]
[Round "11"]
[TimeControl "180+1"]
[Date "2022.02.22"]
[WhiteClock "0:00:01"]
[BlackClock "0:00:22"]

1. d4 Nf6 2. Bf4 g6 3. e3 d6 4. h3 Bg7 5. Nf3 O-O 6. Be2 Nbd7 7. O-O b6 8. c4 Bb7 9. Nc3 Ne4 10. Nxe4 Bxe4 11. Nd2 Bb7 12. Bf3 Qc8 13. Bxb7 Qxb7 14. Nf3 Rfd8 15. Qc2 e5 16. dxe5 dxe5 17. Bg3 f6 18. Rfd1 Nc5 19. Rxd8+ Rxd8 20. Rd1 Rd6 21. Rxd6 cxd6 22. Nd2 Qc6 23. b4 Ne6 24. Qb3 Kf7 25. f3 f5 26. Bf2 Bh6 27. Nb1 Ke7 28. Nc3 Nc7 29. e4 Bd2 30. Nd5+ Nxd5 31. exd5 Qc7 32. a3 Bg5 33. c5 bxc5 34. bxc5 dxc5 35. Qb5 Kd6 36. Qa6+ Qb6 37. Qc8 Kxd5 38. Qd7+ Kc4 39. Qd1 Qb3 40. Qe2+ Qd3 41. Qa2+ Kb5 42. a4+ Kc6 43. Qe6+ Qd6 44. Qe8+ Kd5 45. Qf7+ Qe6 46. Qb7+ Qc6 47. Qb3+ c4 48. Qd1+ Ke6 49. Qc2 Bf4 50. a5 Qd5 51. g3 Bd2 52. Kg2 Bxa5 53. Qa4 Ke7 54. Qa3+ Kd7 55. Qa4+ Kc7 56. Qe8 Kb7 57. Qe7+ Bc7 58. Qb4+ Bb6 59. Qe7+ Ka6 60. Qa3+ Kb7 61. Qe7+ Bc7 62. Qb4+ Kc8 63. Qf8+ Bd8 64. Qb4 e4 65. fxe4 Qxe4+ 66. Kh2 Qc6 0-1


[Site "https://www.chess.com"]

[Event "Titled Tuesday Blitz February 22 Late 2022"]
[White "Zakhartsov, Vladimir"]
[Black "Sharafiev, Azat"]
[WhiteFideId "4145097"]
[BlackFideId "4186214"]
[WhiteElo "2432"]
[BlackElo "2299"]
[Result "1-0"]
[Round "11"]
[TimeControl "180+1"]
[Date "2022.02.22"]
[WhiteClock "0:00:05"]
[BlackClock "0:00:03"]

1. e4 c5 2. Nf3 e6 3. g3 Nc6 4. Bg2 d5 5. exd5 exd5 6. d4 Bg4 7. O-O Nxd4 8. Qe1+ Be7 9. Nxd4 cxd4 10. Qe5 Nf6 11. Re1 d3 12. cxd3 Be6 13. Nc3 O-O 14. Bf4 Re8 15. Nb5 Ng4 16. Qc7 g5 17. Qxd8 Rexd8 18. Bc7 Rd7 19. Ba5 Bc5 20. d4 Bb6 21. Bxb6 axb6 22. a3 h6 23. Nc3 Nf6 24. Rac1 Kg7 25. Bf1 Rc7 26. Nb5 Rxc1 27. Rxc1 Rc8 28. Rxc8 Bxc8 29. Nd6 Bd7 30. Nxb7 Ne8 31. b4 Bc6 32. Nd8 Bd7 33. Bg2 Nc7 34. Nb7 Kf6 35. g4 Ke7 36. h3 Bc6 37. Nc5 bxc5 38. dxc5 Kd7 39. Kf1 Ba4 40. Ke2 Kc6 41. Ke3 Nb5 42. f4 Nxa3 43. fxg5 hxg5 44. Kd4 Nc2+ 45. Ke5 Nxb4 46. Kf6 Kxc5 47. Kxg5 d4 48. h4 d3 49. Kf6 Bc6 50. Bf1 d2 51. Be2 Bd5 52. h5 Nc2 53. h6 Nd4 54. Bd1 Be4 55. Kxf7 Kb4 56. Kg7 Ne6+ 57. Kf6 Nf4 58. Kg7 Ne6+ 59. Kf6 Nf4 60. Ke5 Nd3+ 61. Kxe4 Nf2+ 62. Ke3 Nxd1+ 63. Kxd2 Nf2 64. h7 1-0


[Site "https://www.chess.com"]

[Event "Titled Tuesday Blitz February 22 Late 2022"]
[White "Zeynalli, Rashad"]
[Black "Piesik, Piotr"]
[WhiteFideId "13403320"]
[BlackFideId "1136194"]
[WhiteElo "2125"]
[BlackElo "2232"]
[Result "0-1"]
[Round "11"]
[TimeControl "180+1"]
[Date "2022.02.22"]
[WhiteClock "0:00:10"]
[BlackClock "0:00:44"]

1. e4 g6 2. d4 Bg7 3. Nc3 c6 4. h4 h5 5. Bg5 d5 6. e5 f6 7. Bf4 Bf5 8. Bd3 Qd7 9. Nge2 Nh6 10. Ng3 Bxd3 11. Qxd3 Kf7 12. O-O-O Qg4 13. Nce2 Nd7 14. f3 Qe6 15. exf6 Bxf6 16. Bd2 Nf8 17. Nf4 Qd7 18. Rde1 Nf5 19. Nfxh5 Rxh5 20. Nxh5 gxh5 21. g4 Nxd4 22. gxh5 Qf5 23. Qxf5 Nxf5 24. Reg1 Ne6 25. h6 Rh8 26. Bg5 Nxh6 27. Bxf6 Kxf6 28. h5 Nf4 29. Rh4 Ne2+ 30. Kd2 Nxg1 0-1


[Site "https://www.chess.com"]

[Event "Titled Tuesday Blitz February 22 Late 2022"]
[White "Zhou, Qiyu"]
[Black "Horak, Martin"]
[WhiteFideId "505161"]
[BlackFideId "367095"]
[WhiteElo "1925"]
[BlackElo "1997"]
[Result "1-0"]
[Round "11"]
[TimeControl "180+1"]
[Date "2022.02.23"]
[WhiteClock "0:00:16"]
[BlackClock "0:00:01"]

1. e4 c5 2. Nf3 d6 3. d4 cxd4 4. Nxd4 Nf6 5. Nc3 Nc6 6. Bg5 e5 7. Ndb5 a6 8. Na3 b5 9. Nd5 Be6 10. c3 Be7 11. Nxe7 Qxe7 12. Bd3 O-O 13. O-O Rad8 14. Qf3 d5 15. Nc2 h6 16. Bh4 g5 17. Bg3 dxe4 18. Bxe4 Nxe4 19. Qxe4 Bd5 20. Qf5 Qe6 21. Qxe6 Bxe6 22. Rfe1 Rd2 23. Rac1 f6 24. f4 Bd5 25. Ne3 gxf4 26. Nxd5 Rxd5 27. Bf2 Rfd8 28. Kf1 Rd2 29. Re2 Kf7 30. Rce1 Ke6 31. Bb6 R8d7 32. Kf2 Kf5 33. Bc5 1-0


[Site "https://www.chess.com"]

[Event "Titled Tuesday Blitz February 22 Late 2022"]
[White "Zong, Davis"]
[Black "Garagulya, Konstantin"]
[WhiteFideId "30903955"]
[BlackFideId "4128931"]
[WhiteElo "2061"]
[BlackElo "2329"]
[Result "0-1"]
[Round "11"]
[TimeControl "180+1"]
[Date "2022.02.23"]
[WhiteClock "0:00:02"]
[BlackClock "0:00:04"]

1. d4 Nf6 2. c4 e6 3. g3 d5 4. Bg2 Bb4+ 5. Nd2 a5 6. a3 Be7 7. Ngf3 a4 8. O-O O-O 9. Qc2 c6 10. e4 dxe4 11. Nxe4 Nxe4 12. Qxe4 Nd7 13. Bf4 Qb6 14. Qc2 Rd8 15. Ng5 Nf8 16. c5 Qb5 17. Rfd1 Qa5 18. Ne4 Ng6 19. Bd6 Bd7 20. h4 Bxd6 21. Nxd6 Rab8 22. h5 Ne7 23. h6 gxh6 24. Qc1 Kg7 25. Qf4 Rf8 26. Nc4 Qd8 27. Ne5 Ng6 28. Qg4 Qe7 29. f4 Rbd8 30. Re1 Bc8 31. Qf3 Rxd4 32. f5 exf5 33. Nxg6 Qxc5 34. Nxf8 Qxf8 35. Rad1 c5 36. Rxd4 cxd4 37. Qf4 Qc5 38. Qe5+ Qxe5 39. Rxe5 Be6 40. Bd5 Kf6 41. Rxe6+ fxe6 42. Bc4 e5 43. Kf2 e4 44. Bd5 b6 45. Bc6 Ke5 46. Bxa4 f4 47. gxf4+ Kxf4 48. Bc6 h5 49. a4 h4 50. b4 Ke5 51. a5 bxa5 52. bxa5 e3+ 53. Ke2 Kd6 54. Be4 Kc5 55. Kd3 h3 56. Bf3 h2 57. a6 Kb6 58. Kxd4 e2 59. Bxe2 h1=Q 60. Ke3 Qh3+ 0-1